3AA
BILLINGS POLAR BEARS @ SALEM MISFITS
06/26/2024
 
TOP OF THE 1ST
Billings Polar Bears batting - Pitching for Salem Misfits : RHP Biff Tannen
Pitching: RHP Biff Tannen
Batting: LHB Sergio Rodríguez 0-0: Fly out, F9 (Line Drive, 89M)
Batting: RHB Lúcio Marín 0-0: Fly out, F8 (Flyball, 8LM)
Batting: SHB Carlos Schultz 0-0: Ball
1-0: Foul Ball, location: 2F
1-1: Called Strike
1-2: Fly out, F7 (Flyball, 7M)
Top of the 1st over - 0 run(s), 0 hit(s), 0 error(s), 0 left on base; Billings 0 - Salem 0
BOTTOM OF THE 1ST
Salem Misfits batting - Pitching for Billings Polar Bears : RHP Preston Vick
Pitching: RHP Preston Vick
Batting: RHB Jesús Cisneros 0-0: Called Strike
0-1: Ball
1-1: Foul Ball, location: 2F
1-2: SINGLE (Line Drive, 8RS)
Batting: RHB Raúl Reyna 0-0: Ball
1-0: Foul Ball, location: 2F
1-1: Ball
2-1: Ball
3-1: Base on Balls
Jesús Cisneros to second
Batting: SHB Fernando Sánchez 0-0: Grounds into double play, 4-6-3 (Groundball, 4)
Jesús Cisneros to third
Batting: LHB José Corona 0-0: Ball
1-0: Swinging Strike
1-1: Ball
2-1: Ball
3-1: Ground out 4-3 (Groundball, 4M)
Bottom of the 1st over - 0 run(s), 1 hit(s), 0 error(s), 1 left on base; Billings 0 - Salem 0
TOP OF THE 2ND
Billings Polar Bears batting - Pitching for Salem Misfits : RHP Biff Tannen
Batting: LHB Armando Becerra 0-0: Swinging Strike
0-1: Ball
1-1: Ball
2-1: SOLO HOME RUN (Flyball, 89XD), Distance : 414 ft
Batting: RHB Jesús Vásquez 0-0: Ball
1-0: Ball
2-0: Ball
3-0: Called Strike
3-1: Foul Ball, location: 2F
3-2: Base on Balls
Batting: LHB Magali Lenidas 0-0: Ball
1-0: Foul Ball, location: 2F
1-1: Ball
2-1: Ball
3-1: Base on Balls
Jesús Vásquez to second
Batting: RHB Félix Aguilar 0-0: SINGLE (Groundball, 4MD)
Jesús Vásquez to third
Magali Lenidas to second
Batting: RHB Michael Bucknell 0-0: Foul Ball, location: 2F
0-1: Ball
1-1: Foul Ball, location: 2F
1-2: Ball
2-2: Foul Ball, location: 2F
2-2: Ball
3-2: Foul Ball, location: 2F
3-2: SINGLE (Line Drive, 89S)
Jesús Vásquez scores
Magali Lenidas to third
Félix Aguilar to second
Batting: SHB Bernard Gauthier 0-0: Ball
1-0: Ball
2-0: Foul Ball, location: 2F
2-1: Ball
3-1: Grounds into double play, 4-6-3 (Groundball, 4)
Magali Lenidas scores
Félix Aguilar to third
Batting: LHB Sergio Rodríguez 0-0: Called Strike
0-1: Swinging Strike
0-2: Fly out, F7 (Flyball, 7M)
Top of the 2nd over - 3 run(s), 3 hit(s), 0 error(s), 1 left on base; Billings 3 - Salem 0
BOTTOM OF THE 2ND
Salem Misfits batting - Pitching for Billings Polar Bears : RHP Preston Vick
Batting: RHB Steve Duncan 0-0: Swinging Strike
0-1: Ball
1-1: Ball
2-1: Ball
3-1: Base on Balls
Batting: LHB Brent van Schoonhoven 0-0: Ball
1-0: Called Strike
1-1: Ball
2-1: Ball
3-1: Grounds into double play, 1-6-3 (Groundball, 15S)
Batting: RHB Ernesto Souza 0-0: Ball
1-0: Foul Ball, location: 2F
1-1: Swinging Strike
1-2: Strikes out swinging
Bottom of the 2nd over - 0 run(s), 0 hit(s), 0 error(s), 0 left on base; Billings 3 - Salem 0
TOP OF THE 3RD
Billings Polar Bears batting - Pitching for Salem Misfits : RHP Biff Tannen
Batting: RHB Lúcio Marín 0-0: Ball
1-0: Ground out 5-3 (Groundball, 15S)
Batting: SHB Carlos Schultz 0-0: Ground out 4-3 (Groundball, 34)
Batting: LHB Armando Becerra 0-0: Called Strike
0-1: Foul Ball, location: 2F
0-2: Ball
1-2: Ground out 4-3 (Groundball, 4)
Top of the 3rd over - 0 run(s), 0 hit(s), 0 error(s), 0 left on base; Billings 3 - Salem 0
BOTTOM OF THE 3RD
Salem Misfits batting - Pitching for Billings Polar Bears : RHP Preston Vick
Batting: RHB Ramón Ávila 0-0: Fly out, F9 (Flyball, 89M)
Batting: RHB Miguel Torres 0-0: Called Strike
0-1: Ground out 6-3 (Groundball, 6)
Batting: RHB Jesús Cisneros 0-0: Bunt for hit - play at first, batter OUT! 1-3
Bottom of the 3rd over - 0 run(s), 0 hit(s), 0 error(s), 0 left on base; Billings 3 - Salem 0
TOP OF THE 4TH
Billings Polar Bears batting - Pitching for Salem Misfits : RHP Biff Tannen
Batting: RHB Jesús Vásquez 0-0: Fly out, F7 (Flyball, 78M)
Batting: LHB Magali Lenidas 0-0: Ball
1-0: Ball
2-0: Called Strike
2-1: Fly out, F9 (Flyball, 9M)
Batting: RHB Félix Aguilar 0-0: Called Strike
0-1: Ground out 6-3 (Groundball, 6M)
Top of the 4th over - 0 run(s), 0 hit(s), 0 error(s), 0 left on base; Billings 3 - Salem 0
BOTTOM OF THE 4TH
Salem Misfits batting - Pitching for Billings Polar Bears : RHP Preston Vick
Batting: RHB Raúl Reyna 0-0: Ball
1-0: Ground out 6-3 (Groundball, 6M)
Batting: SHB Fernando Sánchez 0-0: Called Strike
0-1: Called Strike
0-2: Ball
1-2: Ball
2-2: Ball
3-2: Fly out, F3 (Popup, 3SF)
Batting: LHB José Corona 0-0: Ball
1-0: Ball
2-0: Ball
3-0: Base on Balls
Batting: RHB Steve Duncan 0-0: Ball
1-0: Ball
José Corona is caught stealing 2nd base
Bottom of the 4th over - 0 run(s), 0 hit(s), 0 error(s), 0 left on base; Billings 3 - Salem 0
TOP OF THE 5TH
Billings Polar Bears batting - Pitching for Salem Misfits : RHP Biff Tannen
Batting: RHB Michael Bucknell 0-0: Fly out, F9 (Flyball, 89D)
Batting: SHB Bernard Gauthier 0-0: Ball
1-0: Ball
2-0: Foul Ball, location: 2F
2-1: Ball
3-1: Called Strike
3-2: Fly out, F7 (Flyball, 7S)
Batting: LHB Sergio Rodríguez 0-0: Ball
1-0: Ball
2-0: Called Strike
2-1: Ball
3-1: Base on Balls
Batting: RHB Lúcio Marín 0-0: Ball
1-0: Ball
2-0: Foul Ball, location: 2F
2-1: Foul Ball, location: 2F
2-2: Ball
3-2: Strikes out looking
Top of the 5th over - 0 run(s), 0 hit(s), 0 error(s), 1 left on base; Billings 3 - Salem 0
BOTTOM OF THE 5TH
Salem Misfits batting - Pitching for Billings Polar Bears : RHP Preston Vick
Batting: RHB Steve Duncan 0-0: Ball
1-0: Called Strike
1-1: Ball
2-1: Called Strike
2-2: SINGLE (Groundball, 6)
Batting: LHB Brent van Schoonhoven 0-0: Ball
1-0: DOUBLE (Line Drive, 3L)
Steve Duncan to third
Runner from 3rd tries for Home, throw and OUT!
Brent van Schoonhoven to third
Batting: RHB Ernesto Souza 0-0: Foul Ball, location: 2F
0-1: Foul Ball, location: 2F
0-2: Strikes out looking
Batting: RHB Ramón Ávila 0-0: Ball
1-0: Called Strike
1-1: Ball
2-1: Ground out U3 (Groundball, 3S)
Bottom of the 5th over - 0 run(s), 2 hit(s), 0 error(s), 1 left on base; Billings 3 - Salem 0
TOP OF THE 6TH
Billings Polar Bears batting - Pitching for Salem Misfits : RHP Biff Tannen
Batting: SHB Carlos Schultz 0-0: Ball
1-0: Ball
2-0: Called Strike
2-1: Foul Ball, location: 2F
2-2: SINGLE (Groundball, 13) (infield hit)
Batting: LHB Armando Becerra 0-0: Ball
1-0: Ball
2-0: Grounds into double play, 3-6-4 (Groundball, 34)
Batting: RHB Jesús Vásquez 0-0: Called Strike
0-1: Ball
1-1: Ball
2-1: Swinging Strike
2-2: Ball
3-2: Strikes out swinging
Top of the 6th over - 0 run(s), 1 hit(s), 0 error(s), 0 left on base; Billings 3 - Salem 0
BOTTOM OF THE 6TH
Salem Misfits batting - Pitching for Billings Polar Bears : RHP Preston Vick
Batting: RHB Miguel Torres 0-0: SINGLE (Line Drive, 8LS)
Batting: RHB Jesús Cisneros 0-0: Ball
1-0: Ball
2-0: Ball
3-0: Called Strike
3-1: Sac Bunt - play at first, batter OUT! 3-4
Miguel Torres to second
Batting: RHB Raúl Reyna 0-0: Called Strike
0-1: Foul Ball, location: 2F
0-2: Foul Ball, location: 2F
0-2: Ball
1-2: SINGLE (Line Drive, 89S)
Miguel Torres to third
Runner from 3rd tries for Home, SAFE, no throw or cutoff
Pitching: LHP Seihaci Igarachi
Batting: SHB Fernando Sánchez 0-0: Called Strike
Raúl Reyna is caught stealing 2nd base
0-1: Ball
1-1: Fly out, F7 (Popup, 7LM)
Bottom of the 6th over - 1 run(s), 2 hit(s), 0 error(s), 0 left on base; Billings 3 - Salem 1
TOP OF THE 7TH
Billings Polar Bears batting - Pitching for Salem Misfits : RHP Biff Tannen
Batting: LHB Magali Lenidas 0-0: Ball
1-0: Swinging Strike
1-1: Ball
2-1: Swinging Strike
2-2: Foul Ball, location: 2F
2-2: Ground out 4-3 (Groundball, 4)
Batting: RHB Félix Aguilar 0-0: Ball
1-0: Called Strike
1-1: Ball
2-1: Swinging Strike
2-2: SINGLE (Line Drive, 9S)
Batting: RHB Michael Bucknell 0-0: Called Strike
0-1: Ball
1-1: Ball
2-1: Ball
3-1: Fly out, F7 (Flyball, 78D)
Pitching: LHP Dorian Daly
Batting: SHB Bernard Gauthier 0-0: Swinging Strike
Pickoff Throw to First - Out!
Top of the 7th over - 0 run(s), 1 hit(s), 0 error(s), 0 left on base; Billings 3 - Salem 1
BOTTOM OF THE 7TH
Salem Misfits batting - Pitching for Billings Polar Bears : LHP Seihaci Igarachi
Batting: LHB José Corona 0-0: SINGLE (Groundball, 34D)
Batting: RHB Steve Duncan 0-0: Ball
1-0: Ball
2-0: Called Strike
2-1: SINGLE (Groundball, 5)
José Corona to second
Batting: LHB Brent van Schoonhoven 0-0: Ball
1-0: Bunted foul
1-1: Bunted foul
1-2: Ball
2-2: Ball
3-2: Base on Balls
José Corona to third
Steve Duncan to second
Batting: RHB Ernesto Souza 0-0: Ball
1-0: Ball
2-0: Ball
3-0: Base on Balls
José Corona scores
Steve Duncan to third
Brent van Schoonhoven to second
Batting: RHB Ramón Ávila 0-0: Foul Ball, location: 2F
0-1: Ball
1-1: Ball
2-1: SINGLE (Line Drive, 6MD)
Steve Duncan scores
Brent van Schoonhoven to third
Ernesto Souza to second
Batting: RHB Miguel Torres 0-0: Ball
1-0: Ball
2-0: SINGLE (Groundball, 6MD)
Brent van Schoonhoven scores
Ernesto Souza to third
Ramón Ávila to second
Runner from 3rd tries for Home, SAFE, no throw or cutoff
Pitching: RHP Ángel Ruíz
Batting: RHB Jesús Cisneros 0-0: Sac Bunt - play at first, batter OUT! 5-4
Ramón Ávila to third
Miguel Torres to second
Batting: RHB Raúl Reyna 0-0: Ball
1-0: Fly out, F4 (Popup, 9LM)
Batting: SHB Fernando Sánchez 0-0: Ball
1-0: Ball
2-0: Ball
3-0: Base on Balls
Batting: LHB José Corona 0-0: Swinging Strike
0-1: Ball
1-1: Ball
2-1: Foul Ball, location: 2F
2-2: Ball
3-2: Fly out, F8 (Flyball, 8LM)
Bottom of the 7th over - 4 run(s), 4 hit(s), 0 error(s), 3 left on base; Billings 3 - Salem 5
TOP OF THE 8TH
Billings Polar Bears batting - Pitching for Salem Misfits : LHP Dorian Daly
Batting: SHB Bernard Gauthier 0-0: Ground out 5-3 (Groundball, 5)
Batting: LHB Sergio Rodríguez 0-0: Ball
1-0: Swinging Strike
1-1: Swinging Strike
1-2: SINGLE (Line Drive, 89S)
Batting: RHB Lúcio Marín 0-0: Swinging Strike
0-1: Ball
1-1: Swinging Strike
Passed Ball!
Sergio Rodríguez to second
1-2: Foul Ball, location: 2F
1-2: Foul Ball, location: 2F
1-2: Ball
2-2: Ball
3-2: Foul Ball, location: 2F
3-2: Fly out, F9 (Flyball, 9M)
Batting: SHB Carlos Schultz 0-0: Ball
1-0: SINGLE (Groundball, 56D)
Sergio Rodríguez to third
Runner from 3rd tries for Home, SAFE, no throw or cutoff
Batting: LHB Armando Becerra 0-0: Ground out 4-3 (Groundball, 4)
Top of the 8th over - 1 run(s), 2 hit(s), 0 error(s), 1 left on base; Billings 4 - Salem 5
BOTTOM OF THE 8TH
Salem Misfits batting - Pitching for Billings Polar Bears : RHP Ángel Ruíz
Batting: RHB Steve Duncan 0-0: Ball
1-0: Ball
2-0: Called Strike
2-1: TRIPLE (Flyball, 89D)
Batting: LHB Brent van Schoonhoven 0-0: Intentional Walk
Batting: RHB Ernesto Souza 0-0: Ground out 5-3 (Groundball, 5S)
Brent van Schoonhoven to second
Batting: RHB Ramón Ávila 0-0: Intentional Walk
Batting: RHB Miguel Torres 0-0: Fly out, F7 (Flyball, 78M)
Runner from 3rd tags up, SCORES, no throw
Batting: RHB Jesús Cisneros 0-0: Ball
1-0: Foul Ball, location: 2F
1-1: Ground out 4-3 (Groundball, 4)
Bottom of the 8th over - 1 run(s), 1 hit(s), 0 error(s), 2 left on base; Billings 4 - Salem 6
TOP OF THE 9TH
Billings Polar Bears batting - Pitching for Salem Misfits : LHP Dorian Daly
Pitching: RHP Rob Rocha
Batting: RHB Jesús Vásquez 0-0: Ball
1-0: Swinging Strike
1-1: Called Strike
1-2: SINGLE (Flyball, 7S)
Batting: LHB Magali Lenidas 0-0: Called Strike
0-1: Ball
1-1: Foul Ball, location: 2F
1-2: Foul Ball, location: 2F
1-2: Foul Ball, location: 2F
1-2: Ball
2-2: Grounds out, U3 (Groundball, 3L)
Pinch Hitting: LHB Braxton Mosley 0-0: Ball
1-0: Called Strike
1-1: Ball
2-1: Ball
3-1: Base on Balls
Batting: RHB Michael Bucknell 0-0: Called Strike
0-1: Fielders Choice at 2nd, 2-6 (Groundball, 2L)
Jesús Vásquez to third
Batting: SHB Bernard Gauthier 0-0: Foul Ball, location: 2F
0-1: Called Strike
0-2: Foul Ball, location: 2F
0-2: Fly out, F8 (Line Drive, 8LM)
Top of the 9th over - 0 run(s), 1 hit(s), 0 error(s), 2 left on base; Billings 4 - Salem 6
This league is powered by Out of the Park Baseball, the baseball management simulation game for PC, Mac and Linux
Monday, October 3rd, 2016 - OOTP Baseball 16.9 Build 39